 Dungeon Crawl Stone Soup version 0.31-a0-358-gac0dbeb3ab (webtiles) character file.

Game seed: 1485168851719911260

1931 Gelion the Changeling (level 8, -15/79 HPs)
             Began as a Troll Shapeshifter on July 26, 2023.
             Was an Initiate of Trog.
             Demolished by a two-headed ogre
             ... wielding a +0 giant club
              (25 damage)
             ... on level 8 of the Dungeon.
             The game lasted 00:08:29 (4669 turns).

Gelion the Changeling (Troll Shapeshifter)          Turns: 4669, Time: 00:08:30

Health: -15/79     AC:  4    Str: 24    XL:     8   Next: 97%
Magic:  7/7        EV: 10    Int: 10    God:    Trog [......]
Gold:   396        SH:  0    Dex: 12    Spells: 7/7 levels left

rFire   . .          .
                       - Unarmed
rCold   . . .        (no shield)
rNeg    . . .        a - +0 animal skin
rPois   .            (helmet currently unavailable)
rElec   .            (cloak currently unavailable)
rCorr   .            (gloves unavailable)
SInv    .            (boots unavailable)
Will    .....        (no amulet)
Stlth   +            p - +6 ring of intelligence
HPRegen 1.13/turn    (no ring)
MPRegen 0.10/turn

%: no passive effects
@: beast-form, hasted, very quick
A: beast (slay +5), large, unfitting armour, claws 3, regeneration 1, shaggy fur
1, tough skin 1
a: Begin Untransformation, Renounce Religion


You were on level 8 of the Dungeon.
You worshipped Trog.
Trog was noncommittal.
You were a hulking beast.
You visited 2 branches of the dungeon, and saw 8 of its levels.
You also visited: Sewer.

You collected 444 gold pieces.
You spent 48 gold pieces at shops.

Inventory:

Armour
 a - a +0 animal skin (worn)
Jewellery
 p - a +6 ring of intelligence (left claw)
Talismans
 c - a beast talisman
 o - a serpent talisman
Wands
 f - a wand of polymorph (9)
Scrolls
 e - 3 scrolls of immolation
 l - 7 scrolls of teleportation
 q - a scroll of silence
 t - a scroll of identify
Potions
 b - 2 potions of lignification
 d - 5 potions of heal wounds
 h - a potion of resistance
 i - 6 potions of enlightenment
 j - 5 potions of curing
 k - a potion of degeneration {unknown}
 m - a potion of cancellation
 n - a potion of invisibility {unknown}
 r - a potion of magic {unknown}
 s - a potion of berserk rage {unknown}


   Skills:
 + Level 4.8 Fighting
 - Level 1.5 Dodging
 + Level 6.5 Unarmed Combat
 * Level 7.6 Shapeshifting


You had 7 spell levels left.
You didn't know any spells.
Your spell library contained the following spells:

 Spells                   Type           Power      Damage    Failure   Level
 Apportation              Tloc           0%         N/A       36%         1
 Freeze                   Ice            0%         1d3       36%         1
 Necrotise                Necr           0%         1d4       36%         1
 Summon Small Mammal      Summ           0%         N/A       36%         1
 Call Canine Familiar     Summ           0%         N/A       75%         3
 Frozen Ramparts          Ice            0%         1d1       75%         3
 Hailstorm                Conj/Ice       0%         3d3       75%         3
 Summon Guardian Golem    Hex/Summ       0%         N/A       75%         3


Dungeon Overview and Level Annotations

Branches:
Dungeon (6/15)             Temple (1/1) D:5           Sewer (visited)

Altars:
Ashenzari
Cheibriados
Dithmenos
Elyvilon
Fedhas
Gozag
Hepliaklqana
Makhleb
Nemelex Xobeh
Okawaru
Qazlal
Ru
Sif Muna
Trog
Uskayaw
Vehumet
Yredelemnul
The Shining One

Shops:
D:3 (?   D:5 !


Innate Abilities, Weirdness & Mutations

You are a hulking beast.
Your limbs bulge with bestial killing power. (Slay +5)
You are too large for most types of armour.
You have claws for hands.
Your natural rate of healing is unusually fast.
You are covered in fur. (AC +1)
You have tough skin. (AC +1)


Message History

You mangle the gnoll!!
You kill the gnoll!
Trog accepts your kill.
The gnoll sergeant hits you from afar with a +0 spear.
The gnoll sergeant hits you with a +0 spear!
There is an open door, spattered with blood here.
Things that are here:
a +0 club; a gnoll corpse You claw the gnoll sergeant!
The gnoll sergeant is severely wounded.
The gnoll sergeant hits you with a +0 spear!
You mangle the gnoll sergeant!!
You kill the gnoll sergeant!
Trog accepts your kill.
You mangle the gnoll!!
You kill the gnoll!
Trog accepts your kill.
A two-headed ogre comes into view. It is wielding two +0 giant clubs.
Found 18 gold pieces.
The gnoll hits you with a +0 club.
Items here: )) [[ †.
You scratch the gnoll.
The gnoll is lightly wounded.
You claw the two-headed ogre!
The two-headed ogre is moderately wounded.
You scratch the two-headed ogre.
The two-headed ogre is moderately wounded.
You mangle the two-headed ogre!!
The two-headed ogre is severely wounded.
The two-headed ogre hits you with a +0 giant club!! x2
* * * LOW HITPOINT WARNING * * *
There is an open door, spattered with blood here.
Things that are here:
a +0 club; a gnoll corpse
Okay, then.
Okay, then.
You feel yourself speed up.
A howler monkey comes into view.
The two-headed ogre misses you.
The two-headed ogre hits you with a +0 giant club!!
You die...

##########
#####........#
.............+
.#.#.........#
#.###h##### ..
#O# #. #g# ..
h.. . $....
..#...#
.......#
......... ....
......


You could see a two-headed ogre, a howler monkey and a gnoll.

Vanquished Creatures
  The ghost of cforsyth the Charlatan, a novice GnAr (D:4)
  Grinder (D:3)
  Menkaure (D:6)
  A black bear (D:5)
  An ogre (D:5)
  2 centaurs
  A phantom (D:5)
  A gnoll sergeant (D:8)
  A scorpion (D:5)
  3 wights (D:5)
  3 hounds
  2 orc priests
  A sleepcap (D:6)
  5 iguanas
  3 orc wizards (D:5)
  A sickly merfolk siren (Sewer)
  A malarious merfolk avatar (Sewer)
  2 gnolls (D:8)
  5 river rats (Sewer)
  10 adders
  3 worms (D:3)
  A dart slug (D:1)
  10 orcs
  2 bats (D:1)
  7 endoplasms
  8 giant cockroaches
  3 goblins
  4 hobgoblins
  A quokka (Sewer)
  5 ball pythons (Sewer)
  4 frilled lizards
  7 kobolds
  34 rats
135 creatures vanquished.

Notes
Turn   | Place    | Note
-------+----------+-------------------------------------------
     0 | D:1      | Gelion the Troll Shapeshifter began the quest for the Orb.
     0 | D:1      | Reached XP level 1. HP: 18/18 MP: 0/0
   101 | D:1      | Reached skill level 1 in Fighting
   122 | D:1      | Reached XP level 2. HP: 27/27 MP: 1/1
   662 | D:1      | Found a faded altar of an unknown god.
   991 | D:2      | Reached XP level 3. HP: 32/33 MP: 2/2
  1649 | D:3      | Reached XP level 4. HP: 41/41 MP: 3/3
  1711 | D:3      | Found Fociotz's Magic Scroll Emporium.
  1804 | D:3      | Found a glowing drain.
  1812 | D:3      | Reached skill level 4 in Shapeshifting
  1816 | Sewer    | Entered a sewer
  1914 | Sewer    | Reached XP level 5. HP: 49/49 MP: 4/4
  2353 | D:3      | Bought a scroll of identify for 24 gold pieces
  2353 | D:3      | Bought a scroll of identify for 24 gold pieces
  2426 | D:3      | Noticed Grinder
  2433 | D:3      | Killed Grinder
  2434 | D:3      | Reached skill level 5 in Shapeshifting
  2434 | D:3      | Reached XP level 6. HP: 29/59 MP: 5/5
  2478 | D:3      | Found a white marble altar of Elyvilon.
  2504 | D:3      | Found Kaown's Weapon Emporium.
  2823 | D:4      | Found a radiant altar of Vehumet.
  3161 | D:4      | Found a runed translucent door.
  3162 | D:4      | Noticed cforsyth's ghost (novice GnAr)
  3614 | D:4      | Killed cforsyth's ghost
  3615 | D:4      | Reached skill level 5 in Unarmed Combat
  3615 | D:4      | Reached XP level 7. HP: 39/67 MP: 6/6
  3668 | D:5      | Entered Level 5 of the Dungeon
  3674 | D:5      | Found a staircase to the Ecumenical Temple.
  3677 | D:5      | Reached skill level 6 in Shapeshifting
  3724 | D:5      | Reached XP level 8. HP: 78/78 MP: 7/7
  3739 | Temple   | Entered the Ecumenical Temple
  3752 | Temple   | Became a worshipper of Trog the Wrathful
  3771 | D:5      | Found Pegur's Distillery.
  4050 | D:5      | Found a blossoming altar of Fedhas.
  4068 | D:5      | HP: 3/78 [centaur/arrow (10)]
  4285 | D:6      | Noticed Menkaure
  4291 | D:6      | Killed Menkaure
  4292 | D:6      | Reached skill level 7 in Shapeshifting
  4650 | D:6      | You fall into a shaft and drop 2 floors!
  4662 | D:8      | Noticed a two-headed ogre
  4669 | D:8      | Demolished by a two-headed ogre

Illustrated notes

Levels and vault maps discovered:
D:1:      minmay_arrival_hallway, layout_basic, chequers_ecumenical_altar_grove
D:2:      layout_basic
D:3:      layout_basic, lemuel_coloured_pillars_altar, serial_shops,
          nicolae_shop_window_shopping, shop, portal_sewer_entry_d,
          interstate_on_off, kennysheep_generic_room_13, uniq_grinder
D:4:      layout_basic, nicolae_vehumet_altar_sigil, serial_co_window_serial,
          co_window_corner_a, co_window_paths_a, co_window_corner_a,
          co_window_paths_b, co_window_paths_b, co_window_paths_b,
          co_window_corner_a, co_window_of_opportunity_c, co_window_broadway_c,
          co_window_2corner, co_window_corner_b, co_window_broadway_b,
          co_window_of_opportunity_c, co_window_unsneaky_path_a,
          glass_columns_b, gammafunk_ghost_grave
D:5:      layout_basic, fedhas_bush_and_centaur_altar,
          minmay_temple_entry_statues_pillars, serial_shops, shop
D:6:      layout_cave_pools, general_overflow_altar, uniq_menkaure
D:8:      layout_basic, mainiacjoe_overflow_alcove_2, tgw_kikubaaqudgha,
          nicolae_overflow_hidden_temple, erik_lair_island, nrook_pool_corridor,
          st_stairs_1, uniq_prince_ribbit1
Temple:   nicolae_temple_bog_church

Skill      XL: |  1  2  3  4  5  6  7  8 |
---------------+-------------------------+-----
Fighting       | 1 2 3 4 |  4.8
Shapeshifting  | 4 5 6 7 |  7.6
Unarmed Combat | 4 5 6 |  6.5
Dodging        | |  1.5

Action                     |  1- 3 |  4- 6 |  7- 9 || total
---------------------------+-------+-------+-------++-------
  Melee: Unarmed           |    54 |   146 |    87 ||   287
         Punch             |     2 |     3 |     5 ||    10
    Use: Scroll            |     8 |     3 |     2 ||    13
         Potion            |       |       |     1 ||     1
   Stab: Sleeping          |       |     3 |       ||     3
 Armour: Animal skin       |    12 |    34 |    14 ||    60
  Dodge: Dodged            |    18 |    56 |    40 ||   114

Table legend: (Time is in decaauts)
 A = Elapsed time spent in this place.
 B = Non-inter-level travel time spent in this place.
 C = Inter-level travel time spent in this place.
 D = Time resting spent in this place.
 E = Time spent auto-exploring this place.
 F = Levels seen in this place.
 G = Mean time per level.
                   A        B        C        D        E       F      G
               +--------+--------+--------+--------+--------+-----+--------+
         Total |   4644 |   4307 |    337 |     83 |   3450 |   9 |  516.0 |
       Dungeon |   4243 |   3930 |    313 |     83 |   3278 |   7 |  606.1 |
        Temple |     26 |      2 |     24 |      0 |      0 |   1 |   26.0 |
         Sewer |    374 |    374 |      0 |      0 |    172 |   1 |  374.0 |
               +--------+--------+--------+--------+--------+-----+--------+

Top non-repeatable levels by time:
     D:4: 930 daAuts
     D:2: 852 daAuts
     D:3: 750 daAuts
     D:1: 744 daAuts
     D:5: 644 daAuts
   Sewer: 374 daAuts
     D:6: 303 daAuts
  Temple: 26 daAuts
     D:8: 17 daAuts
